 Dungeon Crawl Stone Soup version 0.17-a0-1078-g243345b (webtiles) character file.

58 Lugonue the Sneak (level 3, 0/24 HPs)
             Began as a Vampire Enchanter on May 19, 2015.
             Succumbed to an adder's poison
             ... on level 2 of the Dungeon.
             The game lasted 00:06:34 (1389 turns).

Lugonue the Sneak (Vampire Enchanter)               Turns: 1389, Time: 00:06:34

Health: 0/24       AC:  4    Str:  6 (7)  XL:     3   Next: 75%
Magic:  2/6        EV: 12    Int: 18      God:
Gold:   53         SH:  0    Dex: 14      Spells: 2 memorised, 3 levels left

rFire  . . .     SeeInvis +     a - +1 dagger
rCold  . . .     Clarity  .     b - +1 robe
rNeg   + . .     SustAb   .     (no shield)
rPois  .         Gourm    .     (no helmet)
rElec  .         Spirit   .     j - +0 cloak
rCorr  .         Warding  .     (no gloves)
rMut   .         Stasis   .     (no boots)
MR     .....                    (no amulet)
Stlth  ++++......               (no ring)
                                (no ring)

@: lethally poisoned (0 -> -4), not resistant to hostile enchantments, stealthy
A: fangs 3, see invisible, unbreathing
a: Bat Form


You were on level 2 of the Dungeon.
You were not thirsty.

You visited 1 branch of the dungeon, and saw 2 of its levels.

You collected 53 gold pieces.

Inventory:

Hand weapons
 a - a +1 dagger (weapon)
Armour
 b - a +1 robe (worn)
 j - a +0 cloak (worn)
Scrolls
 e - a scroll of noise {unknown}
 h - 2 scrolls of fear {unknown}
 i - a scroll of identify {unknown}
 k - a scroll of remove curse {unknown}
Potions
 g - a potion of degeneration
Books
 c - a book of Maledictions

   Spells                             Type                      Level
   a - Corona                         Hexes                        1
   b - Ensorcelled Hibernation        Hexes/Ice                    2
   c - Confuse                        Hexes                        3
   d - Tukima's Dance                 Hexes                        3
   e - Dazzling Spray                 Conjuration/Hexes            3


   Skills:
 - Level 1.1 Short Blades
 - Level 2.1 Dodging
 + Level 7.3 Stealth
 - Level 2.0 Spellcasting
 - Level 4.4 Hexes


You had 3 spell levels left.
You knew the following spells:

 Your Spells              Type           Power        Failure   Level  Hunger
a - Corona                Hex            ###....      3%          1    #......
b - Ensorcelled Hibernat  Hex/Ice        #.....       12%         2    ###....


Dungeon Overview and Level Annotations

Branches:
Dungeon (2/15)

Altars:


Innate Abilities, Weirdness & Mutations

You have razor-sharp teeth.
You have supernaturally acute eyesight.
You can survive without breathing.


Message History

Yummy - fresh blood!
Drink which item? (? for menu, Esc to quit)
Okay, then.
There is a lethal amount of poison in your body!
There is a lethal amount of poison in your body!
There is a lethal amount of poison in your body!
There is a lethal amount of poison in your body!
There is a lethal amount of poison in your body!
* * * LOW HITPOINT WARNING * * *
You feel sick.
* * * LOW HITPOINT WARNING * * *
You feel sick.
Use which ability? (? or * to list)
You can't do that.
Use which ability? (? or * to list)
You don't have enough magic at the moment.
* * * LOW HITPOINT WARNING * * *
You feel sick.
An adder comes into view.
You die...

### #####.########
#............. #.............
##################.
#................##
###.##............... ###
#.................... ###.###
#...@................ #.....#
#.................... ###.#K#
###.#................ #.#.#
#.#................
#K#.#########.#................
#.#...........#................
#.#.###########................
#.#.# ####### ................
#.######.....# .............(.


There were no monsters in sight!

Vanquished Creatures
  2 adders (D:2)
  6 giant cockroaches
  3 goblins (D:2)
  6 hobgoblins
  4 kobolds
  3 bats (D:1)
  A giant newt (D:1)
  6 jackals (D:1)
  5 rats
36 creatures vanquished.

Notes
Turn   | Place    | Note
--------------------------------------------------------------
     0 | D:1      | Lugonue the Vampire Enchanter began the quest for the Orb.
     0 | D:1      | Reached XP level 1. HP: 13/13 MP: 3/3
    87 | D:1      | Reached skill level 5 in Stealth
   136 | D:1      | Reached XP level 2. HP: 7/19 MP: 5/5
   148 | D:1      | Learned a level 2 spell: Ensorcelled Hibernation
   355 | D:1      | Reached skill level 6 in Stealth
  1068 | D:2      | Reached XP level 3. HP: 24/24 MP: 6/6
  1305 | D:2      | Reached skill level 7 in Stealth
  1367 | D:2      | HP: 1/24 [adder (3)]
  1381 | D:2      | HP: 1/24 [poisoned by an adder]
  1389 | D:2      | Succumbed to an adder's poison

Vault maps used:
D:1:      grunt_arrival_crossed_arrows
D:2:      kennysheep_goblin_castle

Action                   || total
-------------------------++-------
Melee: Dagger            ||   115
 Cast: Ensorcelled Hiber ||     7
       Corona            ||     2
 Abil: End Transformatio ||     1
       Bat Form          ||     1
  Use: Potion            ||     6
 Stab: Sleeping          ||    12
